 Dungeon Crawl Stone Soup version 0.27.1-4-g1640c2035a (webtiles) character file.

Game seed: 14613093577678802946

174 zeram the Poker (level 5, -4/38 HPs)
             Began as a Merfolk Gladiator on Nov 12, 2021.
             Killed by divine providence
             ... invoked by an orc priest
              (15 damage)
             ... on level 3 of the Dungeon.
             The game lasted 00:02:38 (2455 turns).

zeram the Poker (Merfolk Gladiator)                 Turns: 2455, Time: 00:02:39

Health: -4/38      AC:  4    Str: 16    XL:     5   Next: 54%
Magic:  5/5        EV: 14    Int:  7    God:
Gold:   102        SH:  0    Dex: 15    Spells: 4/4 levels left

rFire    . . .     SeeInvis .   a - +0 trident
rCold    . . .     Faith    .   (no shield)
rNeg     . . .     Spirit   .   b - +0 leather armour
rPois    .         Reflect  .   c - +0 helmet
rElec    .         Harm     .   (no cloak)
rCorr    .         Rampage  .   (no gloves)
Will     +....                  (no boots)
Stlth    +.........             (no amulet)
HPRegen  0.12/turn              k - ring of willpower
MPRegen  0.09/turn              (no ring)

@: hasted, very quick
A: (nimble swimmer 2), mertail
a: no special abilities


You were on level 3 of the Dungeon.
You visited 1 branch of the dungeon, and saw 3 of its levels.

You collected 102 gold pieces.

Inventory:

Hand Weapons
 a - a +0 trident (weapon)
Missiles
 d - 3 throwing nets (quivered)
Armour
 b - a +0 leather armour (worn)
 c - a +0 helmet (worn)
Jewellery
 k - a ring of willpower (left hand)
Scrolls
 e - a scroll of amnesia
 g - a scroll of blinking {unknown}
 i - a scroll of acquirement {unknown}
Potions
 h - a potion of cancellation {unknown}
 j - a potion of heal wounds {unknown}


   Skills:
 - Level 2.1 Fighting
 + Level 7.5 Polearms
 - Level 2.0 Throwing
 + Level 5.6 Dodging


You had 4 spell levels left.
You didn't know any spells.
Your spell library was empty.

Dungeon Overview and Level Annotations

Branches:
Dungeon (3/15)

Altars:

Annotations:
D:3 1 runed translucent door, Icepheonix32's ghost, novice DsTm


Innate Abilities, Weirdness & Mutations

((You are quick and stealthy near water. (Stealth+, EV+, Speed+++)))
Your lower body shifts to a powerful aquatic tail in water.


Message History

The orc completely misses you.
An orc comes into view. It is wielding a +0 dagger.
The orc wizard gestures at you while chanting.
The magic dart hits you!
You are too injured to fight recklessly!
You are too injured to fight recklessly!
You are too injured to fight recklessly!
You are too injured to fight recklessly!
You are too injured to fight recklessly!
You are too injured to fight recklessly!
You are too injured to fight recklessly!
You are too injured to fight recklessly!
You are too injured to fight recklessly!
You are too injured to fight recklessly!
You are too injured to fight recklessly!
You are too injured to fight recklessly!
You are too injured to fight recklessly!
You are too injured to fight recklessly!
You are too injured to fight recklessly!
You are too injured to fight recklessly!
You are too injured to fight recklessly!
You are too injured to fight recklessly!
You are too injured to fight recklessly!
You are too injured to fight recklessly!
You are too injured to fight recklessly!
You are too injured to fight recklessly!
Unknown command.
As you read the scroll labelled ASKUCZ ICROD, it crumbles to dust.
It is a scroll of amnesia.
You feel forgetful for a moment. The orc closely misses you.
The orc wizard hits you with a +0 dagger.
* * * LOW HITPOINT WARNING * * *
The orc closely misses you.
An orc priest comes into view. It is wielding a +0 club.
It was a potion of haste.
You feel yourself speed up.
The orc priest shouts!
The orc misses you. The orc wizard closely misses you. The orc misses you.
The orc priest mumbles some strange prayers to Beogh against you.
Beogh smites you!
You die...

##.#..#.#####.######
##.###.#.# #....#.##
##.## ##..# #..#....#
#.## ##.# #....#..#
##.## ##..#####.#.##..#
##.###.#.......#.##..#
##.#..##.....##.##..#
##.#.#.........##..##.
###.#...o@.#####......
#.#...oo.# #.##..
#.#.##o### #.# #.#.##.
#.# #.#.##o #.# ##
#.#.### #####.####.
#.#.# #..........
#.#.##########.......(..
#.#....................#


You could see an orc priest, an orc wizard and 3 orcs.

Vanquished Creatures
  Jessica (D:2)
  Natasha (twice) (D:2)
  Robin (D:2)
  3 adders (D:2)
  2 worms (D:2)
  2 orcs (D:3)
  3 ball pythons
  4 bats
  An endoplasm (D:2)
  2 giant cockroaches
  9 hobgoblins
  3 kobolds
  A quokka (D:2)
  7 frilled lizards
  11 goblins
  3 rats
55 creatures vanquished.

Notes
Turn   | Place    | Note
-------+----------+-------------------------------------------
     0 | D:1      | zeram the Merfolk Gladiator began the quest for the Orb.
     0 | D:1      | Reached XP level 1. HP: 16/16 MP: 1/1
   165 | D:1      | Reached XP level 2. HP: 15/22 MP: 2/2
   367 | D:1      | Reached skill level 5 in Polearms
   989 | D:2      | Noticed Jessica
   996 | D:2      | Killed Jessica
   997 | D:2      | Reached XP level 3. HP: 24/27 MP: 3/3
  1058 | D:2      | Noticed Natasha
  1067 | D:2      | Killed Natasha
  1068 | D:2      | Reached skill level 6 in Polearms
  1068 | D:2      | Reached skill level 5 in Dodging
  1068 | D:2      | Reached XP level 4. HP: 24/33 MP: 4/4
  1449 | D:2      | Noticed Robin
  1486 | D:2      | Killed Robin
  1487 | D:2      | Reached skill level 7 in Polearms
  1487 | D:2      | Reached XP level 5. HP: 13/38 MP: 5/5
  1703 | D:2      | Noticed Natasha
  1713 | D:2      | Killed Natasha
  2268 | D:3      | Found a runed translucent door.
  2269 | D:3      | Noticed Icepheonix32's ghost (novice DsTm)
  2455 | D:3      | Killed from afar by an orc priest

Illustrated notes

Levels and vault maps discovered:
D:1:      psy_arrival_spokes, layout_basic, dk_noncrumbling_2,
          minmay_split_cup_small
D:2:      layout_loops_ring, uniq_robin, uniq_jessica, uniq_natasha
D:3:      layout_loops_ring, ebering_ghost_sewer_d,
          dilly_ecumenical_altar_fadedgnrine

Skill      XL: |  1  2  3  4 |
---------------+-------------+-----
Polearms       | 5 6 7 |  7.5
Dodging        | 5 |  5.6
Fighting       | |  2.1
Throwing       | |  2.0

Action                   |  1- 3 |  4- 6 || total
-------------------------+-------+-------++-------
Melee: Trident           |    65 |   114 ||   179
  Use: Scroll            |       |     1 ||     1
       Potion            |       |     1 ||     1
 Stab: Sleeping          |     2 |     1 ||     3
Armor: Leather armour    |    14 |    12 ||    26
Dodge: Dodged            |    26 |    70 ||    96
